Map: Ascension to Aiur LE

Players

Guru - Winner!

  • Race: Zerg Zerg
  • League: Grandmaster
  • Spawn Location: 5:00

Scarlett

  • Race: Zerg Zerg
  • League: Diamond
  • Spawn Location: 11:00

Event: HomeStory Cup XVI

VOD

Have the link to the VOD?

Description

Time

  • Played on: Nov. 11, 2017, 2:25 p.m.
  • Length: 16:29

All games in this series

Show
View Real Time Build Order
Export as new Build Order

Guru Zerg - Winner!

Build Orders: Hatch First 

Get SALT Encoding   

  12  0:01  Drone  
  13  0:12  Overlord  
  13  0:18  Drone  
  14  0:31  Drone x2  
  16  0:35  Drone  
  17  0:51  Hatchery  
  17  0:55  Drone  
  17  1:09  Spawning Pool  
  16  1:11  Extractor  
  16  1:12  Drone  
  16  1:17  Drone  
  17  1:21  Drone  
  18  1:30  Drone  
  19  1:55  Queen  
  19  1:56  Zergling x2  
  22  2:03  Queen  
  22  2:04  Drone  
  22  2:05  Drone x2  
  27  2:11  Metabolic Boost  
  27  2:14  Drone  
  28  2:26  Overlord  
  28  2:30  Spine Crawler  
  28  2:33  Zergling x2  
  28  2:36  Zergling x2  
  26  2:45  Zergling x2  
  26  2:49  Zergling x4  
  26  2:50  Zergling x2  
  28  3:01  Zergling x4  
  29  3:07  Zergling x2  
  29  3:11  Zergling x2  
  29  3:12  Zergling x4  
  32  3:17  Zergling x2  
  32  3:18  Zergling x2  
  29  3:21  Queen  
  27  3:29  Zergling x2  
  27  3:30  Queen  
  30  3:44  Overlord  
  30  3:46  Zergling x6  
  33  3:57  Queen  
  33  3:58  Drone  
  35  4:04  Drone x2  
  36  4:10  Drone  
  36  4:13  Drone x2  
  36  4:16  Drone  
  38  4:31  Zergling x2  
  38  4:32  Zergling x4  
  38  4:37  Drone x5  
  44  4:48  Overlord  
  44  4:52  Overlord  
  44  4:55  Overlord  
  44  5:06  Roach Warren  
  43  5:10  Drone x2  
  43  5:12  Drone x5  
  43  5:13  Drone  
  51  5:18  Drone x2  
  51  5:19  Drone  
  52  5:29  Overlord  
  52  5:31  Evolution Chamber  
  52  5:34  Extractor  
  52  5:35  Extractor  
  49  5:38  Drone x2  
  49  5:39  Drone x3  
  49  5:41  Evolution Chamber, Drone  
  54  5:47  Roach, Evolution Chamber  
  54  5:49  Roach  
  57  5:53  Roach  
  59  5:57  Roach  
  62  6:09  Roach x2  
  62  6:10  Roach  
  68  6:15  Drone  
  68  6:16  Extractor  
  68  6:17  Overlord  
  68  6:21  Overlord  
  66  6:26  Overlord  
  66  6:32  Drone x3  
  66  6:33  Lair  
  66  6:34  Drone  
  66  6:37  Drone x3  
  66  6:39  Drone x2  
  72  6:42  Ravager  
  72  6:43  Ravager  
  73  6:52  Zerg Missile Weapons Level 1  
  73  7:00  Pneumatized Carapace  
  73  7:07  Roach x2  
  77  7:10  Roach  
  77  7:11  Roach  
  77  7:13  Hatchery  
  77  7:14  Roach x2  
  84  7:25  Roach x4  
  84  7:26  Overlord  
  92  7:39  Glial Reconstitution  
  92  7:43  Overlord x2  
  92  7:48  Drone  
  92  7:49  Drone x3  
  96  7:52  Roach x2  
  96  7:55  Overlord  
  97  8:03  Drone  
  98  8:07  Roach x4  
  98  8:10  Roach  
  108  8:16  Roach x4  
  116  8:21  Roach  
  116  8:24  Overlord, Zerg Ground Armor Level 1  
  116  8:26  Roach  
  120  8:28  Drone  
  120  8:32  Roach x2, Unknown  
  120  8:33  Roach  
  127  8:37  Overlord  
  127  8:39  Roach  
  129  8:49  Roach x3  
  129  8:50  Roach, Overlord  
  137  8:56  Roach  
  137  8:57  Roach  
  137  9:00  Roach x2  
  137  9:01  Overlord  
  145  9:05  Overlord  
  145  9:10  Roach  
  145  9:11  Roach  
  145  9:12  Roach  
  145  9:15  Roach x3  
  151  9:21  Ravager x2  
  151  9:23  Ravager  
  150  9:25  Drone  
  150  9:26  Drone x2  
  150  9:29  Drone  
  150  9:30  Extractor  
  151  9:36  Roach  
  151  9:38  Roach  
  151  9:39  Roach  
  151  9:41  Roach, Hatchery  
  151  9:42  Drone  
  151  9:45  Roach  
  147  9:46  Roach  
  145  9:52  Extractor  
  145  9:54  Drone x3  
  145  9:59  Roach x3  
  153  10:03  Overlord  
  153  10:04  Zerg Missile Weapons Level 2  
  153  10:16  Ravager, Unknown  
  153  10:18  Roach, Ravager  
  153  10:19  Roach  
  153  10:20  Roach  
  161  10:22  Drone  
  161  10:23  Drone x6  
  161  10:25  Drone  
  169  10:31  Overlord  
  169  10:33  Overlord  
  169  10:35  Overlord  
  169  10:36  Ravager  
  169  10:39  Overlord  
  169  10:40  Overseer  
  170  10:48  Unknown x2  
  170  10:50  Roach x2  
  170  10:51  Roach x3  
  170  10:52  Overlord x2  
  170  10:55  Roach x2  
  184  11:00  Roach x2  
  184  11:01  Hydralisk Den  
  187  11:06  Roach  
  187  11:07  Roach x2  
  187  11:08  Roach  
  187  11:10  Roach x2  
  197  11:19  Roach  
  197  11:20  Roach x2  
  197  11:22  Roach  
  188  11:38  Hydralisk x2  
  192  11:40  Muscular Augments  
  192  11:43  Infestation Pit, Zerg Ground Armor Level 2  
  192  11:46  Drone  
  192  11:50  Overlord  
  192  12:00  Drone  
  193  12:05  Overlord  
  193  12:17  Hydralisk x3  
  193  12:21  Hydralisk x3  
  199  12:25  Hydralisk x2  
  199  12:28  Hydralisk x4  
  193  12:31  Hydralisk  
  193  12:32  Hydralisk  
  193  12:34  Roach x5  
  193  12:35  Roach x4  
  193  12:36  Unknown  
  196  12:41  Roach  
  196  12:42  Roach x4  
  196  12:43  Roach x2  
  188  12:44  Drone  
  188  12:45  Roach  
  188  12:47  Roach  
  188  12:48  Roach  
  188  12:49  Roach  
  188  12:51  Roach  
  195  12:56  Extractor  
  195  12:57  Drone x3  
  197  13:04  Drone  
  198  13:06  Lurker Den  
  198  13:12  Hive  
  197  13:13  Drone x3  
  200  13:26  Hatchery  
  199  13:36  Overlord  
  199  13:42  Overlord  
  193  14:04  Overlord  
  193  14:05  Unknown x3, Overseer  
  191  14:14  Unknown  
  191  14:16  Hydralisk x2  
  193  14:18  Roach x3  
  193  14:19  Roach  
  193  14:21  Roach  
  193  14:22  Roach  
  191  14:30  Roach x5  
  186  14:32  Roach x6  
  186  14:33  Roach x3  
  186  14:36  Roach x6  
  197  14:41  Roach x2  
  197  14:43  Lurker  
  197  14:44  Lurker x2  
  197  14:45  Roach x4  
  191  14:46  Roach x2  
  191  14:48  Drone x2  
  191  14:49  Extractor, Drone x3  
  191  14:50  Roach  
  199  14:54  Unknown  
  199  14:58  Overlord  
  199  15:02  Overlord  
  199  15:09  Overlord  
  189  15:25  Roach  
  189  15:26  Roach x7  
  199  15:31  Roach x2  
  199  15:33  Roach x3  
  187  15:36  Roach x6  
  187  15:40  Roach  
  187  15:42  Roach  
  199  15:53  Hydralisk  
  199  15:59  Hydralisk  
  199  16:01  Hydralisk  
  199  16:02  Hydralisk x2  
  200  16:05  Unknown  
Show
View Real Time Build Order
Export as new Build Order

Scarlett Zerg 

Build Orders: 1 Base Baneling Bust, Pool First, Zergling Baneling 

Get SALT Encoding   

  12  0:00  Drone  
  13  0:11  Extractor  
  12  0:24  Spawning Pool  
  11  0:29  Drone  
  11  0:35  Drone  
  13  0:41  Drone  
  14  0:50  Overlord  
  14  1:11  Metabolic Boost  
  14  1:13  Queen  
  14  1:17  Zergling x2  
  17  1:22  Zergling x2  
  18  1:26  Zergling x2  
  19  1:33  Zergling x2  
  20  1:40  Baneling Nest  
  20  1:45  Zergling x2  
  20  1:59  Zergling x2  
  21  2:06  Overlord  
  21  2:14  Zergling x2  
  22  2:25  Baneling  
  22  2:26  Zergling x2  
  22  2:29  Zergling x6  
  25  2:38  Baneling  
  25  2:43  Baneling  
  25  2:48  Zergling x4  
  27  3:02  Baneling  
  27  3:04  Zergling x4  
  29  3:08  Baneling  
  24  3:21  Zergling x2  
  24  3:22  Zergling x4  
  23  3:38  Drone  
  23  3:43  Baneling  
  23  3:51  Hatchery  
  22  3:56  Baneling  
  22  4:00  Drone  
  22  4:03  Baneling  
  21  4:14  Drone  
  21  4:15  Drone x3  
  25  4:20  Baneling  
  25  4:21  Baneling  
  25  4:23  Drone  
  26  4:35  Drone  
  26  4:38  Queen  
  29  4:43  Overlord  
  29  4:56  Overlord, Drone  
  30  5:03  Queen  
  32  5:12  Baneling  
  32  5:17  Zergling x4  
  32  5:20  Drone x3  
  37  5:25  Drone  
  37  5:26  Drone  
  39  5:30  Drone  
  39  5:34  Drone  
  39  5:35  Drone  
  42  5:40  Drone  
  42  5:52  Drone x3  
  45  5:58  Drone x4  
  49  6:07  Drone  
  49  6:08  Overlord, Drone  
  51  6:15  Hatchery  
  51  6:16  Extractor  
  49  6:19  Extractor  
  45  6:33  Drone x7  
  45  6:36  Roach Warren  
  51  6:43  Spine Crawler  
  51  6:44  Spine Crawler  
  49  6:48  Spine Crawler  
  49  6:49  Queen  
  50  7:06  Lair  
  50  7:07  Drone x7  
  57  7:12  Overlord x2  
  57  7:14  Overlord x2  
  60  7:19  Overlord  
  60  7:22  Evolution Chamber  
  60  7:30  Drone x2  
  60  7:33  Roach x2  
  67  7:37  Roach x3  
  67  7:40  Roach  
  67  7:41  Roach  
  75  7:48  Overlord  
  75  7:51  Zerg Missile Weapons Level 1  
  75  7:55  Drone  
  75  7:56  Overlord x2, Drone x3  
  79  8:03  Overseer  
  79  8:06  Roach x4  
  79  8:07  Glial Reconstitution  
  87  8:15  Roach x3  
  90  8:25  Drone x4  
  90  8:26  Drone x4  
  98  8:30  Overlord  
  98  8:31  Extractor  
  97  8:36  Roach  
  97  8:38  Overseer  
  97  8:39  Roach x5  
  107  8:51  Roach x6  
  107  8:53  Ravager x3  
  119  9:01  Roach x3  
  124  9:08  Roach x4  
  132  9:10  Overlord  
  132  9:12  Extractor  
  129  9:20  Roach x3  
  133  9:28  Overlord x4  
  133  9:30  Roach  
  133  9:31  Roach  
  137  9:33  Ravager  
  137  9:36  Roach x2  
  128  9:49  Roach x4  
  128  9:50  Ravager  
  133  9:54  Roach  
  135  10:00  Drone x2  
  135  10:01  Drone x4  
  135  10:02  Zerg Missile Weapons Level 2, Drone  
  142  10:09  Drone x5  
  142  10:12  Extractor  
  146  10:21  Roach x3  
  152  10:24  Ravager  
  152  10:25  Ravager  
  152  10:27  Hatchery  
  153  10:29  Roach x3  
  153  10:31  Overseer  
  153  10:35  Drone x2  
  161  10:38  Roach x3  
  161  10:40  Overlord  
  161  10:42  Overlord  
  167  10:53  Roach  
  167  10:55  Ravager  
  170  11:07  Hydralisk Den  
  170  11:10  Roach  
  170  11:11  Roach x7  
  181  11:19  Roach  
  181  11:20  Roach  
  173  11:30  Ravager, Overlord x2  
  174  11:33  Ravager  
  174  11:38  Muscular Augments, Hydralisk x6  
  187  11:45  Overlord  
  187  11:50  Overseer  
  187  12:01  Drone  
  187  12:02  Baneling Nest, Drone  
  187  12:05  Roach x6  
  200  12:10  Unknown  
  200  12:11  Unknown  
  200  12:18  Zerg Ground Armor Level 1  
  194  12:24  Roach  
  194  12:25  Roach x3  
  184  12:32  Drone  
  184  12:33  Drone x12  
  175  12:44  Hydralisk x5  
  175  12:45  Hydralisk  
  187  13:00  Centrifical Hooks  
  187  13:09  Extractor, Zergling x26  
  199  13:22  Zergling x2  
  200  13:30  Baneling  
  200  13:31  Baneling x25  
  200  13:44  Overlord x2  
  200  13:45  Overlord  
  197  13:55  Baneling x2  
  196  13:59  Overlord x2  
  196  14:06  Roach  
  196  14:07  Roach  
  195  14:15  Roach x6  
  199  14:22  Roach  
  199  14:23  Roach x5  
  200  14:28  Overlord x3  
  161  14:48  Roach x9  
  161  14:49  Roach x2  
  161  14:50  Ravager  
  184  14:59  Ravager x2  
  186  15:00  Ravager  
  186  15:01  Ravager, Unknown  
  186  15:02  Hatchery  
  183  15:22  Roach x8  
  178  15:49  Roach x6  
  195  15:50  Roach x3  
  195  15:55  Ravager x2  
  195  15:56  Ravager x2  
Tags
 
Add a new tag
Caveats
  • Supply blocks, unpowered buildings, or Contaminate may cause inaccurate times.
  • Supply counts are checked every 10 seconds.